NCAA
MISSOURI TIGERS @ KANSAS JAYHAWKS
05/20/2026
 
TOP OF THE 1ST
Missouri Tigers batting - Pitching for Kansas Jayhawks : LHP Tom Duke
Pitching: LHP Tom Duke
Batting: LHB Ray Hampton 0-0: Foul Ball, location: 2F
0-1: Ball
1-1: Ball
2-1: Bunted foul
2-2: Ball
3-2: Base on Balls
Batting: RHB Evan Jackson 0-0: Ball
1-0: Ball
2-0: Fly out, F7 (Flyball, 78M)
Batting: RHB Troy González 0-0: Called Strike
0-1: Called Strike
0-2: Ball
1-2: Foul Ball, location: 2F
1-2: Ball
2-2: Foul Ball, location: 2F
2-2: Ball
Ray Hampton steals 2nd base
3-2: Strikes out swinging
Batting: RHB Sean White 0-0: Ball
1-0: Ground out 5-3 (Groundball, 5)
Top of the 1st over - 0 run(s), 0 hit(s), 0 error(s), 1 left on base; Missouri 0 - Kansas 0
BOTTOM OF THE 1ST
Kansas Jayhawks batting - Pitching for Missouri Tigers : RHP Alan Crichton
Pitching: RHP Alan Crichton
Batting: LHB Kevin Grimes 0-0: Called Strike
0-1: SINGLE (Groundball, 4M)
Batting: RHB Johnny Hawson 0-0: Ball
1-0: Foul Ball, location: 2F
1-1: Grounds into double play, 5-4-3 (Groundball, 56)
Batting: LHB Victor Stuart 0-0: Swinging Strike
0-1: Ball
1-1: Ground out 3-1 (Groundball, 34)
Bottom of the 1st over - 0 run(s), 1 hit(s), 0 error(s), 0 left on base; Missouri 0 - Kansas 0
TOP OF THE 2ND
Missouri Tigers batting - Pitching for Kansas Jayhawks : LHP Tom Duke
Batting: RHB Irwin Sizemore 0-0: Called Strike
0-1: Ball
1-1: Ball
2-1: Ball
3-1: Foul Ball, location: 2F
3-2: Foul Ball, location: 2F
3-2: Base on Balls
Batting: RHB Craig Smith 0-0: Ground out 2-3 (Groundball, 23)
Irwin Sizemore to second
Batting: RHB Alec Goodman 0-0: Ball
1-0: Foul Ball, location: 2F
1-1: Called Strike
1-2: Strikes out swinging
Batting: RHB Norman Dye 0-0: Called Strike
0-1: Ball
1-1: Called Strike
1-2: Fly out, F8 (Flyball, 8RM)
Top of the 2nd over - 0 run(s), 0 hit(s), 0 error(s), 1 left on base; Missouri 0 - Kansas 0
BOTTOM OF THE 2ND
Kansas Jayhawks batting - Pitching for Missouri Tigers : RHP Alan Crichton
Batting: RHB Robbie Jenkins 0-0: Ball
1-0: Ball
2-0: Called Strike
2-1: Ball
3-1: Called Strike
3-2: Base on Balls
Batting: RHB Jason Green 0-0: Called Strike
0-1: Ball
1-1: Swinging Strike
1-2: Foul Ball, location: 2F
1-2: Strikes out looking
Batting: LHB Francisco Blanco 0-0: SINGLE (Line Drive, 6D)
Robbie Jenkins to second
Batting: LHB Roy Woods 0-0: Ball
1-0: Ball
2-0: Called Strike
2-1: Ball
3-1: Foul Ball, location: 2F
3-2: Base on Balls
Robbie Jenkins to third
Francisco Blanco to second
Batting: RHB Sean Budgeford 0-0: DOUBLE (Line Drive, 7LM)
Robbie Jenkins scores
Francisco Blanco scores
Roy Woods to third
Runner from 3rd tries for Home, SAFE, throw made at trailing runner, SAFE at third!
Batting: RHB Manuel Cisneros 0-0: Called Strike
0-1: Foul Ball, location: 2F
0-2: Ball
1-2: Ground out 4-3 (Groundball, 4)
Sean Budgeford scores
Batting: LHB Kevin Grimes 0-0: Ball
1-0: Ball
2-0: Ball
3-0: Base on Balls
Batting: RHB Johnny Hawson 0-0: Ground out 6-3 (Groundball, 6)
Bottom of the 2nd over - 4 run(s), 2 hit(s), 0 error(s), 1 left on base; Missouri 0 - Kansas 4
TOP OF THE 3RD
Missouri Tigers batting - Pitching for Kansas Jayhawks : LHP Tom Duke
Batting: SHB Luis Estrada 0-0: Foul Ball, location: 2F
0-1: SINGLE (Line Drive, 8LS)
Batting: LHB Ray Hampton 0-0: Ball
1-0: Called Strike
1-1: Swinging Strike
1-2: Ball
2-2: Ball
3-2: Fly out, F9 (Flyball, 9M)
Batting: RHB Evan Jackson 0-0: Called Strike
0-1: SINGLE (Groundball, 6M) (infield hit)
Luis Estrada to second
Batting: RHB Troy González 0-0: Called Strike
0-1: Called Strike
Luis Estrada steals 3rd base
Evan Jackson to second
0-2: Strikes out swinging
Batting: RHB Sean White 0-0: Ball
1-0: Swinging Strike
Passed Ball!
Luis Estrada scores
Evan Jackson to third
1-1: Ball
2-1: Called Strike
2-2: Ball
3-2: Base on Balls
Batting: RHB Irwin Sizemore 0-0: Ball
1-0: Called Strike
1-1: Ball
2-1: Foul Ball, location: 2F
2-2: Ball
3-2: Fly out, F7 (Flyball, 78M)
Top of the 3rd over - 1 run(s), 2 hit(s), 0 error(s), 2 left on base; Missouri 1 - Kansas 4
BOTTOM OF THE 3RD
Kansas Jayhawks batting - Pitching for Missouri Tigers : RHP Alan Crichton
Batting: LHB Victor Stuart 0-0: Ball
1-0: Ball
2-0: Called Strike
2-1: Ball
3-1: Foul Ball, location: 2F
3-2: Base on Balls
Batting: RHB Robbie Jenkins 0-0: Called Strike
0-1: SINGLE (Popup, 6MD)
Victor Stuart to second
Runner from 2nd tries for 3rd, SAFE, throw made to third
Batting: RHB Jason Green 0-0: Called Strike
0-1: Ball
1-1: Foul Ball, location: 2F
1-2: SINGLE (Flyball, 4MD)
Victor Stuart scores
Robbie Jenkins to second
Batting: LHB Francisco Blanco 0-0: Ball
1-0: Called Strike
1-1: Swinging Strike
1-2: Foul Ball, location: 2F
1-2: Ball
2-2: Strikes out swinging
Batting: LHB Roy Woods 0-0: Ball
1-0: Ball
2-0: Ball
3-0: Called Strike
3-1: Foul Ball, location: 2F
3-2: Fly out, F8 (Flyball, 8RM)
Batting: RHB Sean Budgeford 0-0: DOUBLE (Line Drive, 7LM)
Robbie Jenkins scores
Jason Green to third
Runner from 3rd tries for Home, SAFE, no throw or cutoff
Batting: RHB Manuel Cisneros 0-0: Called Strike
0-1: Swinging Strike
0-2: Strikes out swinging
Bottom of the 3rd over - 3 run(s), 3 hit(s), 0 error(s), 1 left on base; Missouri 1 - Kansas 7
TOP OF THE 4TH
Missouri Tigers batting - Pitching for Kansas Jayhawks : LHP Tom Duke
Batting: RHB Craig Smith 0-0: Fly out, F8 (Flyball, 8LM)
Batting: RHB Alec Goodman 0-0: Ball
1-0: Called Strike
1-1: Called Strike
1-2: Ball
2-2: Fly out, F7 (Flyball, 78M)
Batting: RHB Norman Dye 0-0: Foul Ball, location: 2F
0-1: Fly out, F9 (Flyball, 9LM)
Top of the 4th over - 0 run(s), 0 hit(s), 0 error(s), 0 left on base; Missouri 1 - Kansas 7
BOTTOM OF THE 4TH
Kansas Jayhawks batting - Pitching for Missouri Tigers : RHP Alan Crichton
Pitching: RHP Mitch Botallo
Batting: LHB Kevin Grimes 0-0: Ground out 1-3 (Groundball, 15S)
Batting: RHB Johnny Hawson 0-0: Called Strike
0-1: Ball
1-1: Fly out, F9 (Flyball, 89M)
Batting: LHB Victor Stuart 0-0: Ball
1-0: Fly out, F8 (Flyball, 78D)
Bottom of the 4th over - 0 run(s), 0 hit(s), 0 error(s), 0 left on base; Missouri 1 - Kansas 7
TOP OF THE 5TH
Missouri Tigers batting - Pitching for Kansas Jayhawks : LHP Tom Duke
Batting: SHB Luis Estrada 0-0: Ground out 4-3 (Groundball, 4)
Batting: LHB Ray Hampton 0-0: Ball
1-0: Bunt for hit - play at first, batter OUT! 5-3
Batting: RHB Evan Jackson 0-0: Called Strike
0-1: Foul Ball, location: 2F
0-2: Ball
1-2: Foul Ball, location: 2F
1-2: Strikes out looking
Top of the 5th over - 0 run(s), 0 hit(s), 0 error(s), 0 left on base; Missouri 1 - Kansas 7
BOTTOM OF THE 5TH
Kansas Jayhawks batting - Pitching for Missouri Tigers : RHP Mitch Botallo
Batting: RHB Robbie Jenkins 0-0: Ball
1-0: Called Strike
1-1: Fly out, F9 (Flyball, 89M)
Batting: RHB Jason Green 0-0: Ground out 6-3 (Groundball, 6M)
Batting: LHB Francisco Blanco 0-0: SINGLE (Line Drive, 6MD)
Batting: LHB Roy Woods 0-0: Foul Ball, location: 2F
0-1: Ball
1-1: Called Strike
Francisco Blanco steals 2nd base
1-2: Strikes out swinging
Bottom of the 5th over - 0 run(s), 1 hit(s), 0 error(s), 1 left on base; Missouri 1 - Kansas 7
TOP OF THE 6TH
Missouri Tigers batting - Pitching for Kansas Jayhawks : LHP Tom Duke
Batting: RHB Troy González 0-0: Foul Ball, location: 2F
0-1: Swinging Strike
0-2: Strikes out looking
Batting: RHB Sean White 0-0: Called Strike
0-1: Swinging Strike
0-2: SINGLE (Line Drive, 9S)
Pitching: LHP John Claveau
Batting: RHB Irwin Sizemore 0-0: Ball
1-0: 2-RUN HOME RUN (Flyball, 8LXD), Distance : 383 ft
Batting: RHB Craig Smith 0-0: Called Strike
0-1: Ball
1-1: Called Strike
1-2: Ball
2-2: Ball
3-2: Foul Ball, location: 2F
3-2: Base on Balls
Batting: RHB Alec Goodman 0-0: Swinging Strike
0-1: Foul Ball, location: 2F
0-2: Ball
1-2: Strikes out swinging
Batting: RHB Norman Dye 0-0: Called Strike
0-1: SINGLE (Groundball, 23) (infield hit)
Craig Smith to second
Batting: SHB Luis Estrada 0-0: Called Strike
0-1: Ball
1-1: Swinging Strike
1-2: Ball
2-2: Reached on error, E6 (Groundball, 6M)
Craig Smith to third
Norman Dye to second
Batting: LHB Ray Hampton 0-0: Ball
1-0: Fly out, F8 (Flyball, 8LS)
Top of the 6th over - 2 run(s), 3 hit(s), 1 error(s), 3 left on base; Missouri 3 - Kansas 7
BOTTOM OF THE 6TH
Kansas Jayhawks batting - Pitching for Missouri Tigers : RHP Mitch Botallo
Batting: RHB Sean Budgeford 0-0: Ball
1-0: Called Strike
1-1: Foul Ball, location: 2F
1-2: Foul Ball, location: 2F
1-2: Ball
2-2: Ball
3-2: Base on Balls
Batting: RHB Manuel Cisneros 0-0: Swinging Strike
0-1: Called Strike
0-2: Ball
1-2: Foul Ball, location: 2F
1-2: Ball
Sean Budgeford steals 2nd base
2-2: Strikes out swinging
Batting: LHB Kevin Grimes 0-0: Ball
1-0: Ball
2-0: Fly out, F5 (Line Drive, 5)
Batting: RHB Johnny Hawson 0-0: Ground out 6-3 (Groundball, 6)
Bottom of the 6th over - 0 run(s), 0 hit(s), 0 error(s), 1 left on base; Missouri 3 - Kansas 7
TOP OF THE 7TH
Missouri Tigers batting - Pitching for Kansas Jayhawks : LHP John Claveau
Batting: RHB Evan Jackson 0-0: Ball
1-0: Ball
2-0: Ball
3-0: Base on Balls
Batting: RHB Troy González 0-0: Ball
1-0: Foul Ball, location: 2F
1-1: Ball
2-1: Foul Ball, location: 2F
2-2: Ball
3-2: Strikes out swinging
Throwing error on steal attempt, E2
Evan Jackson to third
Batting: RHB Sean White 0-0: Called Strike
0-1: Foul Ball, location: 2F
0-2: Foul Ball, location: 2F
0-2: Ball
1-2: Ball
2-2: SINGLE (Groundball, 5S)
Evan Jackson scores
Pitching: LHP Buddy Davis
Batting: RHB Irwin Sizemore 0-0: Called Strike
0-1: Swinging Strike
0-2: Foul Ball, location: 2F
0-2: Strikes out swinging
Batting: RHB Craig Smith 0-0: Foul Ball, location: 2F
0-1: Called Strike
0-2: Ball
Sean White is caught stealing 2nd base
Top of the 7th over - 1 run(s), 1 hit(s), 1 error(s), 0 left on base; Missouri 4 - Kansas 7
BOTTOM OF THE 7TH
Kansas Jayhawks batting - Pitching for Missouri Tigers : RHP Mitch Botallo
Pitching: RHP Kenny Mills
Batting: LHB Victor Stuart 0-0: Called Strike
0-1: Foul Ball, location: 2F
0-2: Strikes out swinging
Batting: RHB Robbie Jenkins 0-0: Called Strike
0-1: Ball
1-1: Foul Ball, location: 2F
1-2: Strikes out looking
Batting: RHB Jason Green 0-0: Fly out, F8 (Flyball, 8RM)
Bottom of the 7th over - 0 run(s), 0 hit(s), 0 error(s), 0 left on base; Missouri 4 - Kansas 7
TOP OF THE 8TH
Missouri Tigers batting - Pitching for Kansas Jayhawks : LHP Buddy Davis
Batting: RHB Craig Smith 0-0: Swinging Strike
0-1: Ground out 4-3 (Groundball, 4)
Batting: RHB Alec Goodman 0-0: Called Strike
0-1: Ground out 5-3 (Groundball, 5)
Batting: RHB Norman Dye 0-0: Ball
1-0: Foul Ball, location: 2F
1-1: Called Strike
1-2: Strikes out swinging
Top of the 8th over - 0 run(s), 0 hit(s), 0 error(s), 0 left on base; Missouri 4 - Kansas 7
BOTTOM OF THE 8TH
Kansas Jayhawks batting - Pitching for Missouri Tigers : RHP Kenny Mills
Batting: LHB Francisco Blanco 0-0: Called Strike
0-1: Swinging Strike
0-2: Strikes out swinging
Batting: LHB Roy Woods 0-0: SINGLE (Line Drive, 56D)
Batting: RHB Sean Budgeford 0-0: Called Strike
0-1: Foul Ball, location: 2F
0-2: Strikes out swinging
Batting: RHB Manuel Cisneros 0-0: Called Strike
0-1: Foul Ball, location: 2F
0-2: Ball
1-2: Strikes out swinging
Bottom of the 8th over - 0 run(s), 1 hit(s), 0 error(s), 1 left on base; Missouri 4 - Kansas 7
TOP OF THE 9TH
Missouri Tigers batting - Pitching for Kansas Jayhawks : LHP Buddy Davis
Pitching: LHP Jake Long
Batting: SHB Luis Estrada 0-0: Ball
1-0: Ball
2-0: Called Strike
2-1: SOLO HOME RUN (Flyball, 78XD), Distance : 370 ft
Batting: LHB Ray Hampton 0-0: Ball
1-0: Called Strike
1-1: Swinging Strike
1-2: Ball
2-2: Foul Ball, location: 2F
2-2: Ground out 5-3 (Groundball, 56S)
Batting: RHB Evan Jackson 0-0: Foul Ball, location: 2F
0-1: Ball
1-1: Hit by Pitch
Batting: RHB Troy González 0-0: Ball
1-0: Ball
2-0: Ball
3-0: Base on Balls
Evan Jackson to second
Batting: RHB Sean White 0-0: Ball
1-0: Swinging Strike
1-1: Foul Ball, location: 2F
1-2: Strikes out swinging
Batting: RHB Irwin Sizemore 0-0: Ball
1-0: Ball
2-0: Foul Ball, location: 2F
2-1: SINGLE (Groundball, 13) (infield hit)
Evan Jackson to third
Troy González to second
Batting: RHB Craig Smith 0-0: Foul Ball, location: 2F
0-1: Ball
1-1: Called Strike
1-2: Ball
2-2: Strikes out looking
Top of the 9th over - 1 run(s), 2 hit(s), 0 error(s), 3 left on base; Missouri 5 - Kansas 7
Monday, December 5th, 2016 - OOTP Baseball 17.12 Build 75